 Dungeon Crawl Stone Soup version 0.22.1-1-ga44c0e5 (webtiles) character file.

48 Velaskes the Magician (level 3, 0/29 HPs)
             Began as a Demonspawn Wanderer on Nov 4, 2018.
             Slain by a goblin (3 damage)
             ... led by Robin
             ... on level 2 of the Dungeon.
             The game lasted 00:05:49 (1627 turns).

Velaskes the Magician (Demonspawn Wanderer)         Turns: 1627, Time: 00:05:49

Health: 0/29       AC:  8    Str: 12    XL:     3   Next: 50%
Magic:  8/8        EV: 10    Int: 13    God:
Gold:   47         SH:  0    Dex: 13    Spells: 8/9 levels left

rFire    . . .     SeeInvis .   e - +0 dagger
rCold    . . .     Gourm    .   (no shield)
rNeg     . . .     Faith    .   a - +0 ring mail
rPois    .         Spirit   .   (no helmet)
rElec    .         Reflect  .   (no cloak)
rCorr    .         Harm     .   (no gloves)
MR       .....                  (no boots)
Stlth    +.........             (no amulet)
HPRegen  0.09/turn              (no ring)
MPRegen  0.11/turn              (no ring)

@: very slightly contaminated
A: slimy green scales 2
a: no special abilities


You were on level 2 of the Dungeon.
You were not hungry.

You visited 1 branch of the dungeon, and saw 2 of its levels.

You collected 47 gold pieces.

Inventory:

Hand Weapons
 e - a +0 dagger (weapon)
Armour
 a - a +0 ring mail (worn)
 d - a +0 robe
Scrolls
 g - a scroll of immolation {unknown}
 h - a scroll of identify {unknown}
 i - a scroll of remove curse {unknown}
Potions
 b - a potion of curing
 c - 3 potions of lignification
Comestibles
 f - a ration


   Skills:
 + Level 3.2 Fighting
 + Level 1.1 Short Blades
   Level 1.7 Staves
 + Level 1.0 Throwing
 + Level 0.2 Armour
 + Level 0.9 Dodging
 + Level 1.2 Stealth
 + Level 3.6 Spellcasting
 + Level 0.1 Conjurations


You had 8 spell levels left.
You knew the following spells:

 Your Spells              Type           Power        Failure   Level  Hunger
a - Magic Dart            Conj           #...         43%         1    #......

Your spell library contained the following spells:

 Spells                   Type           Power        Failure   Level  Hunger
 Blink                    Tloc           N/A          58%         2    ##.....
 Call Imp                 Summ           #.......     58%         2    ##.....
 Slow                     Hex            #.......     58%         2    ##.....
 Conjure Flame            Conj/Fire      #.......     82%         3    ###....
 Mephitic Cloud           Conj/Pois/Air  #.......     82%         3    ###....


Dungeon Overview and Level Annotations

Branches:
Dungeon (2/15)

Altars:

Annotations:
D:2 Robin


Innate Abilities, Weirdness & Mutations

You are mostly covered in slimy green scales. (AC +3)


Message History

* * * LOW HITPOINT WARNING * * *
The goblin barely misses you.
You hit the goblin but do no damage.
The goblin is moderately wounded.
The goblin hits you.
* * * LOW HITPOINT WARNING * * *
You hit the goblin.
The goblin is severely wounded.
The goblin closely misses you. x2
You hit the goblin.
You kill the goblin!
The goblin no longer looks unusually strong.
The goblin misses you.
Robin roars a battlecry!
The goblin goes into a battle-frenzy!
The goblin no longer looks unusually strong.
Robin roars a battlecry!
The goblin goes into a battle-frenzy!
The goblin hits you.
You die...

#.#
#.......#
#.#
#.....(.#
#.#
#....g..#
#.#
#...ggg.#
#.#
###.g.###
#.# ###.#g#
#.# #...#g#
#.# #.###g#
#.# #.# #@#
#.# #.# #.#
#.#######.#
#..
#.........#
####
###########


You could see Robin, 3 hobgoblins and 4 goblins.

Vanquished Creatures
  An adder (D:2)
  A worm (D:2)
  A dart slug (D:1)
  4 leopard geckos
  5 bats (D:1)
  A giant cockroach (D:1)
  6 goblins
  2 hobgoblins (D:1)
  4 kobolds (D:1)
  4 rats (D:1)
29 creatures vanquished.

Notes
Turn   | Place    | Note
-------+----------+-------------------------------------------
     0 | D:1      | Velaskes the Demonspawn Wanderer began the quest for the
                  | Orb.
     0 | D:1      | Velaskes set off with: a potion of curing, a potion of
                  | lignification, a +0 robe, a +0 dagger, a ration
     0 | D:1      | Reached XP level 1. HP: 18/18 MP: 4/4
     2 | D:1      | Learned a level 1 spell: Magic Dart
   260 | D:1      | Gained mutation: You are partially covered in slimy green
                  | scales. (AC +2) [demonic ancestry]
   260 | D:1      | Reached XP level 2. HP: 7/24 MP: 1/6
  1109 | D:1      | Gained mutation: You are mostly covered in slimy green
                  | scales. (AC +3) [demonic ancestry]
  1109 | D:1      | Reached XP level 3. HP: 29/29 MP: 8/8
  1246 | D:2      | Reached skill level 1 in Short Blades
  1595 | D:2      | Noticed Robin
  1627 | D:2      | Slain by a goblin

Skill      XL: |  1  2  3 |
---------------+----------+-----
Short Blades   | 1 |  1.1
Fighting       | |  3.2
Staves         | |  1.7
Throwing       | |  1.0
Armour         | |  0.2
Dodging        | |  0.9
Stealth        | |  1.2
Spellcasting   | |  3.6
Conjurations   | |  0.1

Action                   || total
-------------------------++-------
Melee: Dagger            ||   158
 Cast: Magic Dart        ||    22
  Eat: Ration            ||     1
Armor: Ring mail         ||    91
       Robe              ||     2
Dodge: Dodged            ||    96
